 Dungeon Crawl Stone Soup version 0.21.1-1-g345015f (webtiles) character file.

282 Kairos the Gusty (level 6, -8/47 HPs)
             Began as a Draconian Air Elementalist on Mar 26, 2018.
             Mangled by an ogre
             ... wielding a +0 giant club
              (9 damage)
             ... on level 4 of the Dungeon.
             The game lasted 00:11:50 (4735 turns).

Kairos the Gusty (Draconian Air Elementalist)       Turns: 4735, Time: 00:11:51

Health: -8/47      AC:  6    Str: 12    XL:     6   Next: 6%
Magic:  6/10       EV: 13    Int: 15    God:
Gold:   174        SH:  0    Dex: 12    Spells: 7/10 levels left

rFire    + . .     SeeInvis .   k - +0 war axe
rCold    . . .     Gourm    .   (no shield)
rNeg     + . .     Faith    .   (armour unavailable)
rPois    .         Spirit   .   (helmet restricted)
rElec    .         Reflect  .   (no cloak)
rCorr    .         Harm     .   (no gloves)
MR       .....                  (no boots)
Stlth    ++........             (no amulet)
HPRegen  0.15/turn              f - ring of positive energy
MPRegen  0.12/turn              n - ring of protection from fire

@: very slightly contaminated
A: unfitting armour, cold-blooded, AC +6
a: no special abilities


You were on level 4 of the Dungeon.
You were near starving.

You visited 1 branch of the dungeon, and saw 4 of its levels.

You collected 174 gold pieces.

Inventory:

Hand Weapons
 h - a +0 trident
 k - a +0 war axe (weapon)
Jewellery
 f - a ring of positive energy (left hand)
 n - a ring of protection from fire (right hand)
Scrolls
 d - a scroll of identify {unknown}
 e - a scroll of fear {unknown}
 g - 3 scrolls of amnesia {unknown}
 i - 5 scrolls of remove curse {unknown}
 l - 3 scrolls of teleportation {unknown}
 p - a scroll of random uselessness {unknown}
 s - a scroll of magic mapping {unknown}
Potions
 c - a potion of curing
 j - 2 potions of degeneration {unknown}
 m - 2 potions of haste {unknown}
 o - a potion of invisibility {unknown}
 r - a potion of lignification {unknown}
Books
 a - a book of Air

   Spells                             Type                      Level
   a - Shock                          Conjuration/Air              1
   b - Swiftness                      Charms/Air                   2
   c - Static Discharge               Conjuration/Air              3
   d - Airstrike                      Air                          4
   e - Lightning Bolt                 Conjuration/Air              5
 q - a book of Callings

   Spells                             Type                      Level
   a - Summon Small Mammal            Summoning                    1
   b - Call Imp                       Summoning                    2
   c - Call Canine Familiar           Summoning                    3
   d - Summon Guardian Golem          Hexes/Summoning              3
   e - Summon Lightning Spire         Summoning/Air                4
   f - Summon Ice Beast               Ice/Summoning                4
Comestibles
 b - 8 rations


   Skills:
 + Level 1.3 Fighting
 + Level 2.2 Axes
 + Level 2.6 Dodging
 + Level 2.2 Stealth
 + Level 0.4 Unarmed Combat
 + Level 2.7 Spellcasting
 + Level 2.5 Conjurations
 + Level 4.1 Air Magic


You had 7 spell levels left.
You knew the following spells:

 Your Spells              Type           Power        Failure   Level  Hunger
a - Shock                 Conj/Air       ##..         5%          1    #......
b - Swiftness             Chrm/Air       #.......     13%         2    ##.....


Dungeon Overview and Level Annotations

Branches:
Dungeon (4/15)
 Temple: D:4-7

Altars:
Xom

Annotations:
D:3 RitorJet's ghost, amateur FoFi


Innate Abilities, Weirdness & Mutations

Your plain brown scales are hard. (AC +6)
You cannot fit into any form of body armour.
You are cold-blooded and may be slowed by cold attacks.


Message History

Casting: Shock
Confirm with . or Enter, or press ? or * to list all spells.
Aiming: Shock
Press: ? - help, Shift-Dir - straight line, f/p - ogre
Aim: an ogre, wielding a giant club (moderately wounded)
You miscast Shock.
You are very lightly contaminated with residual magic.
Nothing appears to happen.
You hit the ogre.
Your tail-slap misses the ogre.
The ogre is heavily wounded.
The ogre hits you with a giant club!! The ogre hits you with a giant club!
* * * LOW HITPOINT WARNING * * *
You hit the ogre.
The ogre is heavily wounded.
The ogre hits you with a giant club!
* * * LOW HITPOINT WARNING * * *
You hit the ogre.
The ogre is severely wounded.
The ogre hits you with a giant club!
You die...

♣♣♣♣♣♣ ..♣♣.♣♣ ###
♣.O.♣.♣♣♣♣♣♣♣ #.##
♣♣♣♣♣♣..O...♣♣#..#
♣♣♣♣♣♣♣O♣##.#
♣♣.)..# ♣♣#..#
##.# #@# #O# #l#
#.# ... ... .....
..... ♣#.....


You could see an ogre and an iguana.

Vanquished Creatures
  An ogre (D:4)
  An orc wizard (D:3)
  2 adders
  7 gnolls (D:2)
  2 worms (D:3)
  3 dart slugs (D:1)
  2 leopard geckos
  14 orcs (D:3)
  A ball python (D:1)
  2 giant cockroaches
  2 hobgoblins
  A quokka (D:3)
  8 bats
  2 frilled lizards (D:2)
  2 goblins (D:1)
  8 kobolds
  10 rats
68 creatures vanquished.

Notes
Turn   | Place    | Note
-------+----------+-------------------------------------------
     0 | D:1      | Kairos the Draconian Air Elementalist began the quest for the Orb.
     0 | D:1      | Reached XP level 1. HP: 14/14 MP: 3/3
   322 | D:1      | Reached XP level 2. HP: 20/20 MP: 1/5
  1323 | D:2      | Reached XP level 3. HP: 26/26 MP: 4/6
  1422 | D:2      | Reached XP level 4. HP: 13/33 MP: 3/7
  1593 | D:2      | Reached skill level 1 in Axes
  2296 | D:3      | Found a shimmering altar of Xom.
  2306 | D:3      | Reached skill level 4 in Air Magic
  2321 | D:3      | Learned a level 2 spell: Swiftness
  2462 | D:3      | Reached skill level 1 in Fighting
  2462 | D:3      | Reached XP level 5. HP: 14/40 MP: 3/8
  2964 | D:3      | Noticed RitorJet's ghost (amateur FoFi)
  4528 | D:4      | Noticed an ogre
  4553 | D:4      | Killed an ogre
  4553 | D:4      | Reached XP level 6. HP: 47/47 MP: 1/10
  4734 | D:4      | HP: 1/47 [ogre/giant club (10)]
  4735 | D:4      | Mangled by an ogre

Skill      XL: |  1  2  3  4  5 |
---------------+----------------+-----
Dodging        | 2 |  2.6
Conjurations   | 2 |  2.5
Axes           | 1 2 |  2.2
Air Magic      | 4 |  4.1
Fighting       | 1 |  1.3
Stealth        | 2 |  2.2
Unarmed Combat | |  0.4
Spellcasting   | |  2.7

Action                   |  1- 3 |  4- 6 || total
-------------------------+-------+-------++-------
Melee: Unarmed           |    27 |       ||    27
       Tailslap          |     4 |     9 ||    13
       Spear             |    12 |       ||    12
       War axe           |    13 |   107 ||   120
       Punch             |       |     1 ||     1
 Cast: Shock             |    48 |    54 ||   102
       Swiftness         |       |     1 ||     1
 Stab: Sleeping          |     1 |     3 ||     4
  Eat: Chunk             |     2 |    10 ||    12
Armor: Skin              |    13 |    40 ||    53
Dodge: Dodged            |    43 |    76 ||   119
